 Dungeon Crawl Stone Soup version 0.29.1-1-gd02db6906a (webtiles) character file.

Game seed: 2345073958337017204

4610 RascalDebosk the Conjurer (level 10, -17/69 HPs)
             Began as a Red Draconian Conjurer on Oct 8, 2022.
             Was a Follower of Kikubaaqudgha.
             Demolished by a two-headed ogre
             ... wielding a +0 giant club
              (27 damage)
             ... on level 9 of the Dungeon.
             The game lasted 01:18:23 (9844 turns).

RascalDebosk the Conjurer (Red Draconian Conjurer)  Turns: 9844, Time: 01:18:23

Health: -17/69     AC: 10    Str: 11    XL:     10   Next: 19%
Magic:  13/28      EV: 12    Int: 26    God:    Kikubaaqudgha [*.....]
Gold:   392        SH:  0    Dex:  9    Spells: 5/21 levels left

rFire   + . .      SeeInvis +   y - +9 falchion of Stickiness {vamp, *Corrode MP+9 Int+4}
rCold   . . .      Faith    .   (no shield)
rNeg    . . .      Spirit   .   (body armour unavailable)
rPois   .          Reflect  .   (helmet restricted)
rElec   .          Harm     .   u - +2 cloak
rCorr   .          Rampage  .   (no gloves)
Will    .....                   (no boots)
Stlth   ++........              j - amulet of regeneration
HPRegen 1.01/turn               g - ring of see invisible
MPRegen 0.21/turn               k - ring of flight

@: animating dead, flying
A: breathe fire, AC +7, unfitting armour, fire resistance 1, cold-blooded
a: Breathe Fire, Renounce Religion, Unearth Wretches


You were on level 9 of the Dungeon.
You worshipped Kikubaaqudgha.
Kikubaaqudgha was aware of your devotion.
You visited 2 branches of the dungeon, and saw 10 of its levels.

You collected 392 gold pieces.

Inventory:

Hand Weapons
 d - a +3 whip of electrocution
 s - a +2 dagger of chaos
 y - the +9 falchion of Stickiness (weapon) {vamp, *Corrode MP+9 Int+4}
   (You found it on level 9 of the Dungeon)

   It occasionally heals its wielder for a portion of the damage dealt when it
   wounds a living foe.
   Int:       It affects your intelligence (+4).
   MP:        It affects your magic capacity (+9).
   *Corrode:  It may corrode you when you take damage.
Missiles
 b - 2 throwing nets {@!f}
Armour
 u - a +2 cloak (worn)
Magical Staves
 p - a staff of fire
Jewellery
 f - a ring of ice
 g - a ring of see invisible (left hand)
 j - an amulet of regeneration (around neck)
 k - a ring of flight (right hand)
 r - a ring of willpower
 x - an amulet of the acrobat
Scrolls
 a - 2 scrolls of amnesia
 c - 3 scrolls of butterflies
 i - 2 scrolls of identify
 l - 2 scrolls of enchant armour
 n - a scroll of noise {unknown}
 q - 4 scrolls of immolation
 t - 4 scrolls of teleportation
 v - a scroll of fear
 w - a scroll of magic mapping
Potions
 e - 4 potions of curing
 h - 3 potions of resistance
 m - 2 potions of heal wounds
 o - a potion of ambrosia
 z - a potion of magic


   Skills:
 - Level 1.7 Dodging
 - Level 4.0 Stealth
 + Level 6.4 Spellcasting
 + Level 7.8 Conjurations
 + Level 5.9 Hexes
 + Level 5.7 Necromancy
 + Level 6.4 Translocations


You had 5 spell levels left.
You knew the following spells:

 Your Spells              Type           Power      Damage    Failure   Level
a - Magic Dart            Conj           100%       1d8       1%          1
b - Searing Ray           Conj           98%        2d8       1%          2
c - Iskenderun's Mystic   Conj/Tloc      45%        2d10      3%          4
d - Fulminant Prism       Conj/Hex       22%        3d13      3%          4
e - Animate Dead          Necr           37%        N/A       6%          4
f - Necrotise             Necr           100%       1d9       1%          1

Your spell library contained the following spells:

 Spells                   Type           Power      Damage    Failure   Level
 Sublimation of Blood     Necr           37%        N/A       1%          2
 Dazzling Flash           Conj/Hex       88%        N/A       1%          3
 Gell's Gravitas          Tloc           41%        N/A       1%          3
 Lesser Beckoning         Tloc           41%        N/A       1%          3
 Portal Projectile        Hex/Tloc       80%        N/A       1%          3
 Teleport Other           Tloc           41%        N/A       1%          3
 Vampiric Draining        Necr           37%        2d8       1%          3
 Call Canine Familiar     Summ           8%         N/A       21%         3
 Leda's Liquefaction      Hex/Erth       11%        N/A       21%         4
 Borgnjor's Vile Clutch   Necr/Erth      11%        N/A       50%         5
 Metabolic Englaciation   Hex/Ice        11%        N/A       50%         5
 Petrify                  Tmut/Erth      8%         N/A       54%         4
 Death Channel            Necr           18%        N/A       69%         6
 Statue Form              Tmut/Erth      5%         N/A       100%        6


Dungeon Overview and Level Annotations

Branches:
Dungeon (9/15)             Temple (1/1) D:6
   Lair: D:8-11         Orc: D:9-12

Altars:
Ashenzari
Cheibriados
Dithmenos
Elyvilon
Fedhas
Gozag
Hepliaklqana
Kikubaaqudgha
Makhleb
Nemelex Xobeh
Okawaru
Qazlal
Ru
Sif Muna
Trog
Uskayaw
Vehumet
Wu Jian
Xom
Yredelemnul
Zin
The Shining One

Shops:
D:7 *

Annotations:
D:3 2 runed translucent doors, TheGhostDragon952's ghost, amateur MiFi
D:9 2 transporters


Innate Abilities, Weirdness & Mutations

You can breathe blasts of fire.
Your fiery red scales are hard. (AC +7)
You cannot fit into any form of body armour.
Your flesh is heat resistant. (rF+)
You are cold-blooded and may be slowed by cold attacks.


Message History

* * * LOW MAGIC WARNING * * *
The searing ray hits the hornet.
The hornet is heavily wounded.
* * * LOW MAGIC WARNING * * *
The hornet stings you!
You feel yourself slow down. The hornet barely misses you.
The searing ray hits the hornet.
The hornet is severely wounded.
* * * LOW MAGIC WARNING * * *
The hornet closely misses you. The hornet misses you.
The searing ray hits the hornet!
The hornet is almost dead.
* * * LOW MAGIC WARNING * * *
You finish channelling your searing ray.
You feel yourself speed up.
The hornet stings you but does no damage.
The hornet misses you. The hornet stings you.
You suddenly lose the ability to move!
The hornet barely misses you. The hornet barely misses you.
You can move again.
Casting: Searing Ray (safe; 1% risk of failure)
Confirm with . or Enter, or press ? or * to list all spells.
You erupt in a blast of force!
The mystic blast hits the hornet.
The hornet is almost dead.
The hornet is knocked back by the mystic blast.
* * * LOW MAGIC WARNING * * *
You have got your breath back.
Casting: Iskenderun's Mystic Blast (dangerous; 3% risk of failure)
Confirm with . or Enter, or press ? or * to list all spells.
Aiming: Searing Ray (safe; 1% risk of failure)
Press: ? - help, Shift-Dir - straight line, f/p - hornet
Aim: a hornet (almost dead, 74% to hit)
The searing ray hits the hornet!
You kill the hornet!
Kikubaaqudgha accepts your kill. (Press . to maintain the ray.)
* * * LOW MAGIC WARNING * * *
Things that are here:
a +0 short sword; an orc corpse You start resting.
HP restored.
You start resting.
Magic restored.
You see here a hornet corpse.
Found a stone staircase leading down.
z - a potion of magic You now have 392 gold pieces (gained 9).
A two-headed ogre comes into view.
It is wielding a +0 giant club and a +0 giant spiked club.
The two-headed ogre shouts in stereo!
Casting: Searing Ray (safe; 1% risk of failure)
Confirm with . or Enter, or press ? or * to list all spells.
You call upon the dead to rise.
Aiming: Breathe Fire (3% risk of failure)
Press: ? - help, Shift-Dir - straight line, f - two-headed ogre
Aim: a two-headed ogre, wielding a +0 giant club and a +0 giant spiked club (85% to hit)
You breathe a blast of fire.
The fiery breath hits the two-headed ogre!
The two-headed ogre is moderately wounded.
Casting: Animate Dead (dangerous; 6% risk of failure)
Confirm with . or Enter, or press ? or * to list all spells.
You erupt in a blast of force!
The mystic blast hits the two-headed ogre.
The two-headed ogre is moderately wounded.
The two-headed ogre is knocked back by the mystic blast.
Casting: Iskenderun's Mystic Blast (dangerous; 3% risk of failure)
Confirm with . or Enter, or press ? or * to list all spells.
Aiming: Searing Ray (safe; 1% risk of failure)
Press: ? - help, Shift-Dir - straight line, f/p - two-headed ogre
Aim: a two-headed ogre, wielding a +0 giant club and a +0 giant spiked club (moderately wounded, 92% to hit)
The searing ray hits the two-headed ogre!
The two-headed ogre is heavily wounded. (Press . to maintain the ray.)
The searing ray hits the two-headed ogre.
The two-headed ogre is severely wounded.
The two-headed ogre hits you with a +0 giant club!!
The two-headed ogre hits you with a +0 giant spiked club!
* * * LOW HITPOINT WARNING * * *
The searing ray hits the two-headed ogre!
The two-headed ogre is almost dead.
The two-headed ogre closely misses you. x2
The searing ray hits the two-headed ogre.
The two-headed ogre is almost dead.
You finish channelling your searing ray.
The two-headed ogre barely misses you.
The two-headed ogre hits you with a +0 giant spiked club.
* * * LOW HITPOINT WARNING * * *
Casting: Searing Ray (safe; 1% risk of failure)
Confirm with . or Enter, or press ? or * to list all spells.
You erupt in a blast of force!
The mystic blast hits the two-headed ogre.
The two-headed ogre is almost dead.
* * * LOW MAGIC WARNING * * *
You have got your breath back.
The two-headed ogre hits you with a +0 giant club!
* * * LOW HITPOINT WARNING * * *
The two-headed ogre hits you with a +0 giant spiked club!!
You die...
Kikubaaqudgha rasps: "You have failed me!
Welcome... death!"

................ ..
................ #.
#.............. #..
#.............. #..
#..............
####..####..............
........................
......O..............>..
#@.####..######### #..#
#..# #
.#####..####..#########
.......................
.......................
#######################


You could see a two-headed ogre.

Vanquished Creatures
  A two-headed ogre (D:9)
  Psyche (D:8)
  2 hornets (D:9)
  A steam dragon (D:6)
  2 orc warriors
  2 black bears
  4 ice beasts
  An ogre (D:7)
  3 centaurs
  A necrophage (D:4)
  A bullfrog (D:6)
  3 scorpions
  13 killer bees
  3 howler monkeys (D:7)
  5 orc priests
  4 hounds
  3 gnoll boudas
  A jelly (D:4)
  3 iguanas
  Jessica (D:2)
  7 orc wizards
  15 gnolls
  6 adders
  2 shadow imps
  3 white imps
  An ufetubus (D:7)
  An orc zombie (D:9)
  4 dart slugs
  26 orcs
  6 ball pythons
  4 endoplasms
  3 giant cockroaches
  7 goblins
  A hobgoblin (D:1)
  5 jackals
  5 kobolds
  4 quokkas
  3 bats
  A frilled lizard (D:1)
  2 rats
161 creatures vanquished.

Vanquished Creatures (collateral kills)
  2 killer bees (D:9)
  An orc priest (D:9)
  2 orc wizards (D:9)
5 creatures vanquished.

Vanquished Creatures (others)
  A hornet zombie (D:9)
  A gnoll zombie (D:8)
  8 orc zombies
  5 fulminant prisms
15 creatures vanquished.

Grand Total: 181 creatures vanquished

Notes
Turn   | Place    | Note
-------+----------+-------------------------------------------
     0 | D:1      | RascalDebosk the Draconian Conjurer began the quest for the
                  | Orb.
     0 | D:1      | Reached XP level 1. HP: 14/14 MP: 3/3
   412 | D:1      | Reached XP level 2. HP: 20/20 MP: 0/5
  1059 | D:2      | Learned a level 2 spell: Searing Ray
  1147 | D:2      | Reached skill level 1 in Translocations
  1147 | D:2      | Reached XP level 3. HP: 26/26 MP: 0/6
  1188 | D:2      | Reached skill level 1 in Hexes
  1551 | D:2      | Reached XP level 4. HP: 33/33 MP: 1/7
  1762 | D:2      | Noticed Jessica
  1779 | D:2      | Killed Jessica
  2282 | D:3      | Reached XP level 5. HP: 17/38 MP: 0/9
  3022 | D:3      | Found a large runed translucent door.
  3022 | D:3      | Found a large runed translucent door.
  3023 | D:3      | Noticed TheGhostDragon952's ghost (amateur MiFi)
  3714 | D:4      | Learned a level 4 spell: Iskenderun's Mystic Blast
  3935 | D:4      | Reached XP level 6. HP: 38/45 MP: 5/10
  4135 | D:4      | Reached skill level 5 in Conjurations
  4305 | D:4      | Identified the +5 plate armour of the True Pharaoh {rC+
                  | Will- Int+4}
  4477 | D:5      | Entered Level 5 of the Dungeon
  4588 | D:4      | Learned a level 4 spell: Fulminant Prism
  4746 | D:4      | Reached skill level 1 in Necromancy
  4746 | D:4      | Your scales start taking on a fiery red colour.
  4746 | D:4      | Reached XP level 7. HP: 39/50 MP: 0/12
  4746 | D:4      | Gained mutation: Your flesh is heat resistant. (rF+) [Red
                  | Draconian growth]
  5640 | D:6      | Noticed a steam dragon
  5651 | D:6      | Killed a steam dragon
  5665 | D:6      | Reached XP level 8. HP: 50/57 MP: 6/14
  5798 | D:6      | Learned a level 4 spell: Animate Dead
  5954 | D:6      | Reached skill level 6 in Conjurations
  6021 | D:6      | Found a staircase to the Ecumenical Temple.
  6036 | Temple   | Entered the Ecumenical Temple
  7315 | D:7      | Found a blossoming altar of Fedhas.
  7318 | D:7      | Found a snail-covered altar of Cheibriados.
  7326 | D:7      | Found a radiant altar of Vehumet.
  7334 | D:7      | Found a burning altar of Makhleb.
  7336 | D:7      | Found an opulent altar of Gozag.
  7340 | D:7      | Found an ancient bone altar of Kikubaaqudgha.
  7345 | D:7      | Became a worshipper of Kikubaaqudgha
  7432 | D:7      | Reached skill level 5 in Spellcasting
  7674 | D:7      | Found Illeigh's Elemental Accessories.
  7720 | D:7      | Reached XP level 9. HP: 62/62 MP: 11/16
  7763 | D:7      | Reached skill level 5 in Translocations
  8337 | D:8      | Reached * piety under Kikubaaqudgha
  8337 | D:8      | Received a gift from Kikubaaqudgha
  8346 | D:8      | Learned a level 1 spell: Necrotise
  8351 | D:8      | Noticed Psyche
  8386 | D:8      | Killed Psyche
  8387 | D:8      | Reached skill level 7 in Conjurations
  8387 | D:8      | Reached skill level 5 in Hexes
  9129 | D:9      | Reached skill level 5 in Necromancy
  9167 | D:9      | Identified the +9 falchion of Stickiness {vamp, *Corrode
                  | MP+9 Int+4}
  9172 | D:9      | Noticed a two-headed ogre
  9201 | D:9      | Killed a two-headed ogre
  9202 | D:9      | Reached XP level 10. HP: 22/69 MP: 2/19
  9499 | D:9      | Found a transporter.
  9501 | D:9      | Found a transporter.
  9503 | D:9      | Noticed a centaur warrior
  9693 | D:9      | Paralysed by a hornet for 2 turns
  9835 | D:9      | Noticed a two-headed ogre
  9844 | D:9      | Demolished by a two-headed ogre

Illustrated notes

Levels and vault maps discovered:
D:1:      scummos_arrival_checkerplants, layout_loops_cross
D:2:      layout_loops_ring, uniq_jessica
D:3:      layout_loops_ring, ebering_ghost_disaster_area
D:4:      layout_basic, nrook_mini_backslash
D:5:      layout_cave_pools
D:6:      dreamdust_elfheim, layout_basic, minmay_temple_entry_hall
D:7:      layout_rooms, nicolae_overflow_hallway_of_the_gods,
          nicolae_elemental_shop
D:8:      layout_loops_ring, wad_floor_pattern_untrapped, uniq_psyche
D:9:      gammafunk_the_bubble [the_bubble_gammafunk_split], layout_small_grid,
          grunt_decor_one_mirror
Temple:   eino_temple_rhombus

Skill      XL: |  1  2  3  4  5  6  7  8  9 |
---------------+----------------------------+-----
Stealth        | 2 3 4 |  4.0
Translocations | 1 2 3 4 6 |  6.4
Hexes          | 1 2 3 4 5 |  5.9
Spellcasting   | 3 4 5 6 |  6.4
Conjurations   | 5 6 7 |  7.8
Necromancy     | 1 2 3 5 |  5.7
Dodging        | |  1.7

Action                   |  1- 3 |  4- 6 |  7- 9 | 10-12 || total
-------------------------+-------+-------+-------+-------++-------
Melee: Whip              |     7 |    63 |   103 |       ||   173
       Tailslap          |     1 |     7 |     9 |       ||    17
       Punch             |       |     3 |     2 |       ||     5
       Falchion          |       |       |       |     5 ||     5
 Cast: Magic Dart        |    53 |    72 |    89 |    32 ||   246
       Searing Ray       |     2 |     6 |    24 |     3 ||    35
       Iskenderun's Myst |       |     3 |     9 |     5 ||    17
       Fulminant Prism   |       |     1 |     4 |       ||     5
       Animate Dead      |       |       |     6 |     1 ||     7
       Necrotise         |       |       |       |     1 ||     1
 Abil: Breathe Fire      |       |       |    23 |     2 ||    25
  Use: Scroll            |       |    14 |    12 |       ||    26
       Potion            |       |     2 |     4 |       ||     6
 Stab: Sleeping          |     1 |       |       |       ||     1
Armor: Skin              |     5 |    39 |    70 |     2 ||   116
Dodge: Dodged            |     5 |    67 |   129 |    27 ||   228
